MLB
BOSTON RED SOX @ NEW YORK YANKEES
07/25/2020
 
TOP OF THE 1ST
Boston Red Sox batting - Pitching for New York Yankees : LHP Ryan Yarbrough
Pitching: LHP Ryan Yarbrough
Batting: RHB Ian Desmond 0-0: Called Strike
0-1: Foul Ball, location: 2F
0-2: Strikes out swinging
Batting: RHB Jedd Gyorko 0-0: Ground out 4-3 (Groundball, 6M, EV 106.3 MPH)
Batting: RHB Mike Trout 0-0: Ball
1-0: Ball
2-0: Foul Ball, location: 2F
2-1: Foul Ball, location: 2F
2-2: Ball
3-2: Base on Balls
Batting: RHB Xander Bogaerts 0-0: Ball
1-0: SINGLE (Line Drive, 78M, EV 102.5 MPH)
Mike Trout to second
Batting: SHB Marwin Gonzalez 0-0: Ball
1-0: SINGLE (Groundball, 6MD, EV 97.5 MPH)
Mike Trout to third
Xander Bogaerts to second
Runner from 3rd tries for Home, SAFE, throw by CF to home
Batting: RHB Wilson Ramos 0-0: Ball
1-0: Called Strike
1-1: Foul Ball, location: 2F
1-2: Ball
2-2: Fly out, F7 (Flyball, 7S, EV 91.3 MPH)
Top of the 1st over - 1 run, 2 hits, 0 errors, 2 left on base; Boston 1 - New York 0
BOTTOM OF THE 1ST
New York Yankees batting - Pitching for Boston Red Sox : LHP Derek Holland
Pitching: LHP Derek Holland
Batting: RHB Colton Welker 0-0: Ball
1-0: Called Strike
1-1: Ball
2-1: Ball
3-1: Base on Balls
Batting: RHB Nick Castellanos 0-0: SINGLE (Flyball, 8LS, EV 92.5 MPH)
Colton Welker to second
Batting: RHB Eloy Jimenez 0-0: Ball
1-0: Fly out, F9 (Flyball, 9LS, EV 84.4 MPH)
Batting: RHB DJ LeMahieu 0-0: Ball
1-0: Ball
2-0: Called Strike
2-1: Foul Ball, location: 2F
2-2: Ball
3-2: Foul Ball, location: 2F
3-2: Foul Ball, location: 2F
3-2: SINGLE (Groundball, 56D, EV 98.8 MPH)
Colton Welker to third
Nick Castellanos to second
Runner from 3rd tries for Home, SAFE, throw by LF to home
Batting: LHB Willie Calhoun 0-0: Ball
1-0: Swinging Strike
1-1: Called Strike
1-2: Foul Ball, location: 2F
1-2: Foul Ball, location: 2F
1-2: Fly out, F8 (Flyball, 8RD, EV 80.6 MPH)
Batting: RHB Paul Goldschmidt 0-0: Ball
1-0: Foul Ball, location: 2F
1-1: Ball
2-1: Swinging Strike
2-2: Ball
3-2: SINGLE (Groundball, 6S, EV 75.0 MPH) (infield hit)
Nick Castellanos to third
DJ LeMahieu to second
Batting: LHB Brandon Crawford 0-0: Ball
1-0: Ball
2-0: Called Strike
2-1: Foul Ball, location: 2F
2-2: Foul Ball, location: 2F
2-2: Ball
3-2: Foul Ball, location: 2F
3-2: Strikes out looking
Bottom of the 1st over - 1 run, 3 hits, 0 errors, 3 left on base; Boston 1 - New York 1
TOP OF THE 2ND
Boston Red Sox batting - Pitching for New York Yankees : LHP Ryan Yarbrough
Batting: LHB Joe Panik 0-0: Called Strike
0-1: Ball
1-1: Foul Ball, location: 2F
1-2: Foul Ball, location: 2F
1-2: Ball
2-2: Ball
3-2: Foul Ball, location: 2F
3-2: Foul Ball, location: 2F
3-2: Fly out, F8 (Flyball, 8RM, EV 74.4 MPH)
Batting: SHB Kaleb Cowart 0-0: Ball
1-0: Called Strike
1-1: Ground out 6-3 (Groundball, 6, EV 87.5 MPH)
Batting: LHB Zach McKinstry 0-0: Called Strike
0-1: Ball
1-1: Ball
2-1: Fly out, F7 (Flyball, 78D, EV 100.0 MPH)
Top of the 2nd over - 0 runs, 0 hits, 0 errors, 0 left on base; Boston 1 - New York 1
BOTTOM OF THE 2ND
New York Yankees batting - Pitching for Boston Red Sox : LHP Derek Holland
Batting: LHB Garrett Stubbs 0-0: Called Strike
0-1: Ground out 4-3 (Groundball, 4, EV 87.5 MPH)
Batting: LHB Charlie Blackmon 0-0: Called Strike
0-1: SINGLE (Groundball, 4MD, EV 96.3 MPH)
Batting: RHB Colton Welker 0-0: Called Strike
0-1: Foul Ball, location: 2F
0-2: Reached on error, E3 (Groundball, 34S, EV 82.5 MPH)
Charlie Blackmon to second
Batting: RHB Nick Castellanos 0-0: Swinging Strike
0-1: Grounds into double play, 6-4-3 (Groundball, 6, EV 87.5 MPH)
Bottom of the 2nd over - 0 runs, 1 hit, 1 error, 1 left on base; Boston 1 - New York 1
TOP OF THE 3RD
Boston Red Sox batting - Pitching for New York Yankees : LHP Ryan Yarbrough
Batting: RHB Ian Desmond 0-0: Foul Ball, location: 2F
0-1: Fly out, F3 (Popup, 3F, EV 53.8 MPH)
Batting: RHB Jedd Gyorko 0-0: Reached on error, E6 (Groundball, 56, EV 83.8 MPH)
Batting: RHB Mike Trout 0-0: Ground out 2-3 (Groundball, 2R, EV 70.0 MPH)
Jedd Gyorko to third
Batting: RHB Xander Bogaerts 0-0: Fly out, F4 (Popup, 4D, EV 55.0 MPH)
Top of the 3rd over - 0 runs, 0 hits, 1 error, 1 left on base; Boston 1 - New York 1
BOTTOM OF THE 3RD
New York Yankees batting - Pitching for Boston Red Sox : LHP Derek Holland
Batting: RHB Eloy Jimenez 0-0: Ball
1-0: Ball
2-0: Called Strike
2-1: Foul Ball, location: 2F
2-2: Strikes out swinging
Batting: RHB DJ LeMahieu 0-0: Ball
1-0: Ground out 6-3 (Groundball, 6, EV 93.1 MPH)
Batting: LHB Willie Calhoun 0-0: Ball
1-0: Ball
2-0: Ball
3-0: Called Strike
3-1: Ground out U3 (Groundball, 3, EV 94.4 MPH)
Bottom of the 3rd over - 0 runs, 0 hits, 0 errors, 0 left on base; Boston 1 - New York 1
TOP OF THE 4TH
Boston Red Sox batting - Pitching for New York Yankees : LHP Ryan Yarbrough
Batting: SHB Marwin Gonzalez 0-0: Ball
1-0: Foul Ball, location: 2F
1-1: Ground out 6-3 (Groundball, 6, EV 83.8 MPH)
Batting: RHB Wilson Ramos 0-0: Called Strike
0-1: Ball
1-1: Called Strike
1-2: Foul Ball, location: 2F
1-2: Ball
2-2: Ball
3-2: Ground out 6-3 (Groundball, 6, EV 80.0 MPH)
Batting: LHB Joe Panik 0-0: Ball
1-0: Ball
2-0: Ground out 5-3 (Groundball, 56, EV 88.1 MPH)
Top of the 4th over - 0 runs, 0 hits, 0 errors, 0 left on base; Boston 1 - New York 1
BOTTOM OF THE 4TH
New York Yankees batting - Pitching for Boston Red Sox : LHP Derek Holland
Batting: RHB Paul Goldschmidt 0-0: Ball
1-0: Called Strike
1-1: Foul Ball, location: 2F
1-2: Ball
2-2: Fly out, F4 (Flyball, 4D, EV 88.8 MPH)
Batting: LHB Brandon Crawford 0-0: Ball
1-0: Swinging Strike
1-1: Ball
2-1: Called Strike
2-2: Ball
3-2: Foul Ball, location: 2F
3-2: Base on Balls
Batting: LHB Garrett Stubbs 0-0: Ball
1-0: DOUBLE (Groundball, 5L, EV 106.9 MPH)
Brandon Crawford to third
Batting: LHB Charlie Blackmon 0-0: Ball
1-0: Ball
Passed Ball!
Brandon Crawford scores
Garrett Stubbs to third
2-0: Called Strike
2-1: SINGLE (Line Drive, 8LS, EV 113.8 MPH)
Garrett Stubbs scores
Batting: RHB Colton Welker 0-0: Ball
1-0: Grounds into double play, 5-4-3 (Groundball, 56S, EV 81.9 MPH)
Bottom of the 4th over - 2 runs, 2 hits, 0 errors, 0 left on base; Boston 1 - New York 3
TOP OF THE 5TH
Boston Red Sox batting - Pitching for New York Yankees : LHP Ryan Yarbrough
Batting: SHB Kaleb Cowart 0-0: Ball
1-0: Foul Ball, location: 2F
1-1: Called Strike
1-2: Ball
2-2: Ground out 6-3 (Groundball, 6M, EV 82.5 MPH)
Batting: LHB Zach McKinstry 0-0: Swinging Strike
0-1: Swinging Strike
0-2: Ball
1-2: Strikes out swinging
Batting: RHB Ian Desmond 0-0: Ball
1-0: Ball
2-0: Swinging Strike
2-1: Fly out, F8 (Flyball, 89S, EV 82.5 MPH)
Top of the 5th over - 0 runs, 0 hits, 0 errors, 0 left on base; Boston 1 - New York 3
BOTTOM OF THE 5TH
New York Yankees batting - Pitching for Boston Red Sox : LHP Derek Holland
Batting: RHB Nick Castellanos 0-0: Foul Ball, location: 2F
0-1: Called Strike
0-2: Ball
1-2: Ground out 5-3 (Groundball, 56, EV 84.4 MPH)
Batting: RHB Eloy Jimenez 0-0: Ball
1-0: Ball
2-0: Foul Ball, location: 2F
2-1: Ball
3-1: Foul Ball, location: 2F
3-2: Strikes out looking
Pitching: RHP Will Carter
Batting: RHB DJ LeMahieu 0-0: Called Strike
0-1: Ground out 1-3 (Groundball, 15S, EV 63.1 MPH)
Bottom of the 5th over - 0 runs, 0 hits, 0 errors, 0 left on base; Boston 1 - New York 3
TOP OF THE 6TH
Boston Red Sox batting - Pitching for New York Yankees : LHP Ryan Yarbrough
Batting: RHB Jedd Gyorko 0-0: Ball
1-0: Ground out 6-3 (Groundball, 6, EV 90.6 MPH)
Batting: RHB Mike Trout 0-0: Ball
1-0: Called Strike
1-1: Foul Ball, location: 2F
1-2: SINGLE (Flyball, 6D, EV 90.0 MPH)
Batting: RHB Xander Bogaerts 0-0: SINGLE (Flyball, 5D, EV 90.0 MPH)
Mike Trout to second
Batting: SHB Marwin Gonzalez 0-0: Foul Ball, location: 2F
0-1: Called Strike
0-2: Strikes out swinging
Batting: RHB Wilson Ramos 0-0: Called Strike
0-1: Called Strike
0-2: Ball
1-2: Ground out 5-3 (Groundball, 56, EV 96.9 MPH)
Top of the 6th over - 0 runs, 2 hits, 0 errors, 2 left on base; Boston 1 - New York 3
BOTTOM OF THE 6TH
New York Yankees batting - Pitching for Boston Red Sox : RHP Will Carter
Batting: LHB Willie Calhoun 0-0: Called Strike
0-1: Ground out 4-3 (Groundball, 4, EV 86.9 MPH)
Batting: RHB Paul Goldschmidt 0-0: Ball
1-0: Foul Ball, location: 2F
1-1: Ball
2-1: Foul Ball, location: 2F
2-2: Foul Ball, location: 2F
2-2: Ball
3-2: Fly out, F4 (Popup, 4, EV 71.3 MPH)
Batting: LHB Brandon Crawford 0-0: Ball
1-0: Ball
2-0: Ball
3-0: Base on Balls
Batting: LHB Garrett Stubbs 0-0: Foul Ball, location: 2F
0-1: Ball
1-1: Fly out, F8 (Flyball, 8RD, EV 106.9 MPH)
Bottom of the 6th over - 0 runs, 0 hits, 0 errors, 1 left on base; Boston 1 - New York 3
TOP OF THE 7TH
Boston Red Sox batting - Pitching for New York Yankees : LHP Ryan Yarbrough
Batting: LHB Joe Panik 0-0: Ground out 4-3 (Groundball, 4, EV 106.3 MPH)
Batting: SHB Kaleb Cowart 0-0: Called Strike
0-1: Foul Ball, location: 2F
0-2: Ball
1-2: Ball
2-2: Strikes out swinging
Batting: LHB Zach McKinstry 0-0: SINGLE (Flyball, 5D, EV 90.0 MPH)
Batting: RHB Ian Desmond 0-0: Foul Ball, location: 2F
0-1: Called Strike
0-2: Fly out, F7 (Flyball, 78M, EV 90.0 MPH)
Top of the 7th over - 0 runs, 1 hit, 0 errors, 1 left on base; Boston 1 - New York 3
BOTTOM OF THE 7TH
New York Yankees batting - Pitching for Boston Red Sox : RHP Will Carter
Pitching: LHP Tommy Layne
Batting: LHB Charlie Blackmon 0-0: Ball
1-0: Called Strike
1-1: Ball
2-1: Ball
3-1: Base on Balls
Batting: RHB Colton Welker 0-0: Called Strike
0-1: Ball
1-1: Fly out, F3 (Popup, 23, EV 85.0 MPH)
Batting: RHB Nick Castellanos 0-0: Called Strike
0-1: Foul Ball, location: 2F
0-2: Ball
1-2: Strikes out swinging
Batting: RHB Eloy Jimenez 0-0: Ball
1-0: Ball
2-0: Ball
3-0: Base on Balls
Charlie Blackmon to second
Batting: RHB DJ LeMahieu 0-0: Called Strike
0-1: Fly out, F8 (Flyball, 89M, EV 86.3 MPH)
Bottom of the 7th over - 0 runs, 0 hits, 0 errors, 2 left on base; Boston 1 - New York 3
TOP OF THE 8TH
Boston Red Sox batting - Pitching for New York Yankees : LHP Ryan Yarbrough
Pitching: LHP Caleb Ferguson
Batting: RHB Jedd Gyorko 0-0: Ball
1-0: Ball
2-0: Ball
3-0: Called Strike
3-1: Base on Balls
Batting: RHB Mike Trout 0-0: Swinging Strike
0-1: Foul Ball, location: 2F
0-2: Fly out, F9 (Flyball, 9, EV 91.3 MPH)
Batting: RHB Xander Bogaerts 0-0: Ball
1-0: Ball
2-0: Ball
3-0: Called Strike
3-1: Foul Ball, location: 2F
3-2: Strikes out swinging
Batting: SHB Marwin Gonzalez 0-0: Called Strike
0-1: Ball
1-1: Swinging Strike
1-2: Strikes out looking
Top of the 8th over - 0 runs, 0 hits, 0 errors, 1 left on base; Boston 1 - New York 3
BOTTOM OF THE 8TH
New York Yankees batting - Pitching for Boston Red Sox : LHP Tommy Layne
Pitching: LHP Sam Selman
Batting: LHB Willie Calhoun 0-0: Ball
1-0: Called Strike
1-1: Ball
2-1: Called Strike
2-2: Ball
3-2: Base on Balls
Batting: RHB Paul Goldschmidt 0-0: Foul Ball, location: 2F
0-1: Called Strike
0-2: Ball
1-2: Ball
2-2: Ball
3-2: Hit by Pitch
Willie Calhoun to second
Batting: LHB Brandon Crawford 0-0: Ball
1-0: Ball
2-0: Called Strike
2-1: Foul Ball, location: 2F
2-2: Ball
3-2: Foul Ball, location: 2F
3-2: Foul Ball, location: 2F
3-2: Grounds into double play, 5-4-3 (Groundball, 56S, EV 91.3 MPH)
Willie Calhoun to third
Batting: LHB Garrett Stubbs 0-0: Called Strike
0-1: Called Strike
0-2: Hit by Pitch
Batting: LHB Charlie Blackmon 0-0: Called Strike
0-1: Ball
1-1: Ball
2-1: Called Strike
2-2: Ball
3-2: Ground out 4-3 (Groundball, 34, EV 88.8 MPH)
Bottom of the 8th over - 0 runs, 0 hits, 0 errors, 2 left on base; Boston 1 - New York 3
TOP OF THE 9TH
Boston Red Sox batting - Pitching for New York Yankees : LHP Caleb Ferguson
Pitching: LHP Josh Hader
Now in CF: Tony Kemp
Batting: RHB Wilson Ramos 0-0: Ball
1-0: Called Strike
1-1: Foul Ball, location: 2F
1-2: Ball
2-2: Ball
3-2: Foul Ball, location: 2F
3-2: Ground out 5-3 (Groundball, 56, EV 86.3 MPH)
Batting: LHB Joe Panik 0-0: Foul Ball, location: 2F
0-1: Foul Ball, location: 2F
0-2: Fly out, F4 (Popup, 34, EV 68.1 MPH)
Batting: SHB Kaleb Cowart 0-0: Swinging Strike
0-1: Swinging Strike
0-2: Strikes out looking
Top of the 9th over - 0 runs, 0 hits, 0 errors, 0 left on base; Boston 1 - New York 3
Friday, September 18th, 2020 - OOTP Baseball 21.5 Build 76